 Dungeon Crawl Stone Soup version 0.32-a0-18-g89e19f1974 (webtiles) character file.

Game seed: 9153603313384292862

414 AmazonPaysMe the Chopper (level 6, 0/53 HPs)
             Began as a Draconian Berserker on Jan 15, 2024.
             Was a Priest of Trog.
             Slain by a black bear (5 damage)
             ... on level 5 of the Dungeon on Jan 16, 2024.
             The game lasted 00:42:40 (3112 turns).

AmazonPaysMe the Chopper (Draconian Berserker)      Turns: 3112, Time: 00:42:41

Health: 0/53       AC:  6    Str: 21    XL:     6   Next: 60%
Magic:  6/6        EV: 13    Int:  7    God:    Trog [***...]
Gold:   164        SH:  0    Dex: 11    Spells: 5/5 levels left

rFire   . . .        I - +1 long sword (heavy)
rCold   . . .        (no shield)
rNeg    . . .        (body armour unavailable)
rPois   .            (helmet restricted)
rElec   .            (no cloak)
rCorr   .            (no gloves)
SInv    .            (no boots)
Will    .....        (no amulet)
Stlth   ++           (no ring)
HPRegen 0.28/turn    (no ring)
MPRegen 0.10/turn

%: no passive effects
@: no status effects
A: AC +6, unfitting armour, cold-blooded
a: Renounce Religion, Berserk, Trog's Hand


You were on level 5 of the Dungeon.
You worshipped Trog.
Trog was most pleased with you.
You visited 2 branches of the dungeon, and saw 6 of its levels.

You collected 164 gold pieces.

Inventory:

Hand Weapons
 a - a +0 hand axe
 b - a +0 whip
 d - a +0 short sword
 h - a +0 war axe
 j - a +0 club
 k - a +0 club
 l - a +0 dagger
 m - a +0 mace
 p - a +0 short sword
 r - a +0 short sword
 s - a +0 dagger
 u - a +0 dagger
 v - a +0 dagger
 w - a +0 dagger
 D - a +0 trident
 I - a +1 heavy long sword (weapon)
Missiles
 f - 7 poisoned darts (quivered)
Armour
 g - a +0 robe
 t - a +0 leather armour
 E - a +0 ring mail
 G - a +0 ring mail
Scrolls
 c - a scroll of butterflies {unknown}
 e - a scroll of acquirement {unknown}
 i - a scroll of blinking {unknown}
 o - a scroll of noise {unknown}
 q - 2 scrolls of silence {unknown}
 y - 2 scrolls of revelation {unknown}
 A - 2 scrolls of identify {unknown}
 B - a scroll of enchant armour {unknown}
 C - a scroll of poison {unknown}
 F - a scroll of fear {unknown}
 J - a scroll of vulnerability {unknown}
Potions
 n - 2 potions of haste {unknown}
 x - a potion of heal wounds {unknown}
 z - a potion of degeneration {unknown}
 H - a potion of invisibility {unknown}


   Skills:
 + Level 4.5 Fighting
 + Level 5.7 Axes
 + Level 0.6 Throwing
 + Level 4.0 Dodging
 + Level 1.3 Stealth


You had 5 spell levels left.
You didn't know any spells.
Your spell library contained the following spells:

 Spells                   Type           Power      Damage    Failure   Level
 Call Canine Familiar     Summ           0%         N/A       80%         3
 Dazzling Flash           Conj/Hex       0%         N/A       80%         3
 Mephitic Cloud           Conj/Alch/Air  0%         N/A       80%         3
 Sigil of Binding         Hex            0%         N/A       80%         3
 Dimensional Bullseye     Hex/Tloc       0%         N/A       99%         4
 Curse of Agony           Necr           0%         N/A       100%        5
 Silence                  Hex/Air        0%         N/A       100%        5


Dungeon Overview and Level Annotations

Branches:
Dungeon (5/15)             Temple (1/1) D:4

Altars:
Cheibriados
Dithmenos
Hepliaklqana
Kikubaaqudgha
Makhleb
Nemelex Xobeh
Okawaru
Qazlal
Ru
Trog
Uskayaw
Vehumet
Wu Jian
Xom
The Shining One

Shops:
D:1 :   D:3 [

Annotations:
D:1 1 transporter


Innate Abilities, Weirdness & Mutations

Your plain brown scales are hard. (AC +6)
You cannot fit into any form of body armour.
You are cold-blooded and may be slowed by cold attacks.


Message History

You closely miss the black bear. You tail-slap the black bear.
The black bear is lightly wounded.
The black bear closely misses you. The black bear claws you.
The black bear claws you but does no damage.
The black bear barely misses you. The black bear closely misses you.
The black bear claws you.
You slash the black bear! You tail-slap the black bear.
The black bear is heavily wounded.
The black bear bites you. The black bear misses you.
The black bear barely misses you. The black bear bites you.
The black bear claws you but does no damage. x2
You slash the black bear!
The black bear is almost dead.
The black bear goes berserk!
The black bear barely misses you. The black bear closely misses you.
The black bear claws you.
You hit the black bear but do no damage.
The black bear is almost dead.
The black bear bites you. The black bear claws you.
The black bear barely misses you. The black bear closely misses you.
The black bear misses you.
The black bear claws you but does no damage.
The black bear bites you.
The black bear claws you but does no damage.
The black bear completely misses you. The black bear bites you.
The black bear closely misses you. The black bear misses you.
You closely miss the black bear.
Your tail-slap misses the black bear.
The black bear is almost dead.
The black bear bites you. The black bear claws you. The black bear misses you.
The black bear bites you. The black bear claws you.
* * * LOW HITPOINT WARNING * * *
The black bear claws you but does no damage.
The black bear bites you!
* * * LOW HITPOINT WARNING * * *
The black bear misses you. The black bear barely misses you.
You hit the black bear.
The black bear is almost dead.
The black bear bites you.
* * * LOW HITPOINT WARNING * * *
The black bear claws you.
You die...

..........#..#.#......
..........#..........#
..............(.#..... .
...............##...# ..
...............##...#...
#.........#.............
##.......##.....>..#....
##..#[..###...........#
#..^.### ###..@h.....#
###.## #.....:.#.## ##
##..##### ####


You could see a black bear (berserk).

Vanquished Creatures
  An ogre (D:4)
  A scorpion (D:4)
  A hound (D:5)
  A jelly (D:4)
  A gnoll bouda (D:5)
  An orc priest (D:3)
  3 gnolls (D:5)
  2 adders
  A shadow imp (D:5)
  2 ufetubi (D:5)
  3 dart slugs
  5 orcs
  2 bats
  10 endoplasms
  3 giant cockroaches
  6 goblins
  7 hobgoblins
  13 jackals
  2 ball pythons (D:4)
  4 frilled lizards
  9 kobolds
  5 rats
83 creatures vanquished.

Vanquished Creatures (others)
  2 jackals (D:4)
2 creatures vanquished.

Grand Total: 85 creatures vanquished

Notes
Turn   | Place    | Note
-------+----------+-------------------------------------------
     0 | D:1      | AmazonPaysMe the Draconian Berserker began the quest for
                  | the Orb.
     0 | D:1      | Reached XP level 1. HP: 19/19 MP: 1/1
   108 | D:1      | Found Ereuxacva's Book Shoppe.
   241 | D:1      | Reached XP level 2. HP: 25/26 MP: 2/2
   360 | D:1      | Found a faded altar of an unknown god.
   581 | D:1      | Reached ** piety under Trog
   582 | D:1      | Reached XP level 3. HP: 33/33 MP: 3/3
  1030 | D:2      | Upgraded the game from 0.32-a0-12-g7fc57aa741 to
                  | 0.32-a0-17-gb74e046682
  1106 | D:3      | Found Pischalui's Armour Shop.
  1111 | D:3      | Reached XP level 4. HP: 25/40 MP: 4/4
  1323 | D:3      | Reached skill level 4 in Axes
  1545 | D:4      | Found a glowing golden altar of the Shining One.
  1587 | D:4      | Reached XP level 5. HP: 39/46 MP: 5/5
  1868 | D:4      | Found a staircase to the Ecumenical Temple.
  1974 | D:4      | Noticed an ogre
  1981 | D:4      | Killed an ogre
  1981 | D:4      | Reached *** piety under Trog
  1982 | D:4      | Reached skill level 1 in Stealth
  2169 | D:4      | Reached skill level 5 in Axes
  2169 | D:4      | Reached XP level 6. HP: 34/52 MP: 6/6
  2405 | Temple   | Entered the Ecumenical Temple
  2455 | Temple   | Upgraded the game from 0.32-a0-17-gb74e046682 to
                  | 0.32-a0-18-g89e19f1974
  2819 | D:5      | Entered Level 5 of the Dungeon
  3112 | D:5      | Slain by a black bear

Illustrated notes

Levels and vault maps discovered:
D:1:      spicycebolla_arrival_risky_transporter, layout_rooms,
          dreamdust_ecumenical_altar_grove, serial_shops,
          nicolae_book_shop_shelving
D:2:      layout_basic
D:3:      layout_rooms, serial_shops, nicolae_shop_getting_attention,
          minmay_misc_feat_hallway, chequers_serial_rivers_micro_d
D:4:      kb_forest_paths, layout_basic, tso_metal_star,
          lemuel_temple_firewalk_b, chequers_mini_garden
D:5:      minmay_chambers_of_fours, layout_cave_pools, serial_bayou_pond_a,
          nicolae_ea-nasir_strikes_again
Temple:   dpeg_chambers_temple

Skill      XL: |  1  2  3  4  5  6 |
---------------+-------------------+-----
Dodging        | 3 4 |  4.0
Axes           | 4 5 |  5.7
Fighting       | 4 |  4.5
Stealth        | 1 |  1.3
Throwing       | |  0.6

Action                     |  1- 3 |  4- 6 || total
---------------------------+-------+-------++-------
  Melee: Hand axe          |    91 |    66 ||   157
         Tailslap          |     9 |    16 ||    25
         Punch             |     1 |       ||     1
         War axe           |       |    48 ||    48
         Long sword        |       |     9 ||     9
  Throw: Dart              |     7 |       ||     7
 Invoke: Berserk           |       |     2 ||     2
   Stab: Sleeping          |       |     1 ||     1
 Armour: Skin              |    64 |    80 ||   144
  Dodge: Dodged            |    74 |   130 ||   204

Table legend: (Time is in decaauts)
 A = Elapsed time spent in this place.
 B = Non-inter-level travel time spent in this place.
 C = Inter-level travel time spent in this place.
 D = Time resting spent in this place.
 E = Time spent auto-exploring this place.
 F = Levels seen in this place.
 G = Mean time per level.
                   A        B        C        D        E       F      G
               +--------+--------+--------+--------+--------+-----+--------+
         Total |   3169 |   3088 |     81 |    200 |   1526 |   6 |  528.2 |
       Dungeon |   2804 |   2723 |     81 |    200 |   1526 |   5 |  560.8 |
        Temple |    365 |    365 |      0 |      0 |      0 |   1 |  365.0 |
               +--------+--------+--------+--------+--------+-----+--------+

Top non-repeatable levels by time:
     D:4: 1079 daAuts
     D:1: 982 daAuts
  Temple: 365 daAuts
     D:3: 332 daAuts
     D:5: 317 daAuts
     D:2: 91 daAuts
